 Dungeon Crawl Stone Soup version 0.28-a0-872-g80cf8599ee (webtiles) character file.

Game seed: 14558011491543271362

215 orbtoucher the Sneak (level 5, -1/25 HPs)
             Began as a Spriggan Enchanter on Nov 21, 2021.
             Killed from afar by Blork the orc (8 damage)
             ... with a magic dart
             ... on level 4 of the Dungeon.
             The game lasted 00:22:08 (6380 turns).

orbtoucher the Sneak (Spriggan Enchanter)           Turns: 6380, Time: 00:22:08

Health: -1/25      AC:  2    Str:  5    XL:     5   Next: 60%
Magic:  11/11      EV: 18    Int: 17    God:
Gold:   132        SH:  0    Dex: 15    Spells: 2/11 levels left

rFire   . . .      SeeInvis +   a - +1 dagger
rCold   . . .      Faith    .   (shield restricted)
rNeg    . . .      Spirit   .   p - +0 robe
rPois   .          Reflect  .   (helmet restricted)
rElec   .          Harm     .   (no cloak)
rCorr   .          Rampage  .   (gloves unavailable)
Will    .....                   (boots unavailable)
Stlth   +++.......              (no amulet)
HPRegen 0.08/turn               (no ring)
MPRegen 0.12/turn               (no ring)

@: very quick
A: very small, no large weapons, unfitting armour, see invisible, speed 3
a: no special abilities


You were on level 4 of the Dungeon.
You visited 1 branch of the dungeon, and saw 4 of its levels.

You collected 132 gold pieces.

Inventory:

Hand Weapons
 a - a +1 dagger (weapon)
 b - a +0 hunting sling
Missiles
 j - 68 stones
 s - 11 boomerangs (quivered)
Armour
 p - a +0 robe (worn)
Scrolls
 d - a scroll of identify {unknown}
 e - a scroll of blinking {unknown}
 h - a scroll of noise {unknown}
 i - 2 scrolls of teleportation {unknown}
 l - 2 scrolls of torment {unknown}
 n - a scroll of fog {unknown}
 r - a scroll of amnesia {unknown}
 t - a scroll of acquirement {unknown}
Potions
 c - a potion of invisibility
 f - a potion of lignification {unknown}
 g - 2 potions of curing {unknown}
 k - 2 potions of attraction {unknown}
 m - a potion of heal wounds {unknown}
 o - a potion of brilliance {unknown}
 q - a potion of flight {unknown}


   Skills:
 + Level 1.3 Fighting
 * Level 3.2 Short Blades
 + Level 3.6 Dodging
 + Level 5.4 Stealth
 + Level 3.5 Spellcasting
 * Level 4.9 Hexes


You had 2 spell levels left.
You knew the following spells:

 Your Spells              Type           Power      Damage    Failure   Level
e - Ensorcelled Hibernat  Hex/Ice        22%        N/A       10%         2
g - Apportation           Tloc           4%         N/A       17%         1
q - Tukima's Dance        Hex            19%        N/A       7%          3
t - Confusing Touch       Hex            19%        N/A       7%          3

Your spell library contained the following spells:

 Spells                   Type           Power      Damage    Failure   Level
 Animate Skeleton         Necr           4%         N/A       17%         1
 Summon Small Mammal      Summ           8%         N/A       17%         1
 Dazzling Flash           Conj/Hex       22%        N/A       19%         3
 Freezing Cloud           Conj/Ice/Air   1%         6-21      99%         5
 Simulacrum               Ice/Necr       1%         N/A       100%        6
 Polar Vortex             Ice            1%         N/A       100%        9


Dungeon Overview and Level Annotations

Branches:
Dungeon (4/15)
 Temple: D:4-7

Altars:

Annotations:
D:4 Blork the orc


Innate Abilities, Weirdness & Mutations

You are very small and have problems with some larger weapons.
You are too small for most types of armour.
You have supernaturally acute eyesight. (SInv)
You cover ground extremely quickly. (Speed+++)


Message History

You hit the hound skeleton.
The hound skeleton is almost destroyed.
The hound skeleton bites you.
You hit the hound skeleton but do no damage.
The hound skeleton is almost destroyed.
The hound skeleton closely misses you.
You hit the hound skeleton.
You destroy the hound skeleton!
You start resting.
HP restored.
You open the door.
There is an open door here.
Found a stone staircase leading down.
Blork the orc comes into view.
He is wielding a +0 hand axe.
Blork the orc shouts!
Casting: Confusing Touch (quite dangerous; 7% risk of failure)
Confirm with . or Enter, or press ? or * to list all spells.
Aiming: Ensorcelled Hibernation (safe; 10% risk of failure)
Press: ? - help, Shift-Dir - straight line, f - Blork the orc
Aim: Blork the orc, wielding a +0 hand axe and wearing a +0 robe (chance to affect: 42%) Blork the orc resists with some effort.
Blork the orc gestures at you while chanting.
The puff of frost hits you! Blork the orc casts a spell at you.
The puff of flame hits you!
Ouch! That really hurt!
* * * LOW HITPOINT WARNING * * *
There is an open door here.
You start resting.
Magic restored.
You start resting.
Blork the orc is nearby!
As you close the door, it creaks loudly!
There is an open door here.
You close the door.
You start resting.
Blork the orc is nearby!
Blork the orc gestures at you while chanting.
The magic dart hits you!
You die...

###.# ###.....## #
##.#.#.##.....).##
####.##....#.#.........##
.............+.........+.
#....# #.........##
##.#.# ##.......## #....#
##.....## ##.### ##...##
#@# ##+##
#.#########.######
#.##..............
#.##.######..#####
#.##.#...#...####
#.##.#..........#
#.o......#...##.#
####.######..##.##
#.######.......


You could see Blork the orc.

Vanquished Creatures
  An iguana (D:4)
  A hound skeleton (D:4)
  Robin (D:2)
  4 adders
  A gnoll (D:3)
  A worm (D:3)
  12 dart slugs
  3 orcs (D:3)
  4 ball pythons
  4 endoplasms
  3 giant cockroaches
  17 goblins
  9 hobgoblins
  9 jackals
  4 quokkas
  5 bats
  2 frilled lizards (D:1)
  A kobold (D:3)
  3 rats (D:3)
85 creatures vanquished.

Notes
Turn   | Place    | Note
-------+----------+-------------------------------------------
     0 | D:1      | orbtoucher the Spriggan Enchanter began the quest for the
                  | Orb.
     0 | D:1      | Reached XP level 1. HP: 9/9 MP: 5/5
   426 | D:1      | Reached XP level 2. HP: 13/13 MP: 6/6
   500 | D:1      | Found a faded altar of an unknown god.
   940 | D:1      | Learned a level 2 spell: Ensorcelled Hibernation
  1303 | D:2      | Reached XP level 3. HP: 17/17 MP: 6/8
  1328 | D:2      | Learned a level 3 spell: Confusing Touch
  1332 | D:2      | Learned a level 3 spell: Tukima's Dance
  1692 | D:2      | Noticed Robin
  2330 | D:2      | Killed Robin
  2760 | D:2      | Reached XP level 4. HP: 21/21 MP: 9/9
  2943 | D:2      | Reached skill level 5 in Stealth
  3088 | D:2      | Reached skill level 1 in Fighting
  3609 | D:3      | Noticed an ice beast
  4741 | D:3      | Reached XP level 5. HP: 25/25 MP: 2/11
  5491 | D:3      | Learned a level 1 spell: Apportation
  6016 | D:4      | Noticed a black bear
  6315 | D:4      | Noticed Blork the orc
  6380 | D:4      | Killed from afar by Blork the orc

Illustrated notes

Levels and vault maps discovered:
D:1:      matt_arrival_spirals, layout_basic,
          shapermc_ecumenical_altar_mp_ritualfount, dk_noncrumbling_3,
          grunt_decor_mini_mirrors
D:2:      layout_basic, uniq_robin
D:3:      kennysheep_slugbush, layout_loops_ring,
          hangedman_decor_clover_reticule, minmay_fractal_squares_5
D:4:      layout_loops_corners, uniq_blork_the_orc

Skill      XL: |  1  2  3  4  5 |
---------------+----------------+-----
Hexes          | 4 |  4.9
Short Blades   | 2 3 |  3.2
Dodging        | 3 |  3.6
Spellcasting   | 3 |  3.5
Stealth        | 5 |  5.4
Fighting       | 1 |  1.3

Action                   |  1- 3 |  4- 6 || total
-------------------------+-------+-------++-------
Melee: Dagger            |    86 |   116 ||   202
Throw: Stone             |       |     1 ||     1
 Cast: Ensorcelled Hiber |    22 |    42 ||    64
 Stab: Sleeping          |    23 |    36 ||    59
Armor: Robe              |     3 |     8 ||    11
Dodge: Dodged            |    41 |    67 ||   108

Table legend: (Time is in decaauts)
 A = Elapsed time spent in this place.
 B = Non-inter-level travel time spent in this place.
 C = Inter-level travel time spent in this place.
 D = Time resting spent in this place.
 E = Time spent auto-exploring this place.
 F = Levels seen in this place.
 G = Mean time per level.
                   A        B        C        D        E       F      G
               +--------+--------+--------+--------+--------+-----+--------+
         Total |   4892 |   4751 |    141 |   2326 |   1257 |   4 | 1223.0 |
       Dungeon |   4892 |   4751 |    141 |   2326 |   1257 |   4 | 1223.0 |
               +--------+--------+--------+--------+--------+-----+--------+

Top non-repeatable levels by time:
     D:2: 2235 daAuts
     D:3: 1705 daAuts
     D:1: 655 daAuts
     D:4: 296 daAuts
